 Dungeon Crawl Stone Soup version 0.29.1-13-g9f3cf754e1 (webtiles) character file.

Game seed: 4774540568040059732

72 MisterFreud the Twirler (level 4, -1/33 HPs)
             Began as a Formicid Gladiator on Jan 21, 2023.
             Slain by a centaur (4 damage)
             ... on level 7 of the Dungeon.
             The game lasted 00:01:57 (2834 turns).

MisterFreud the Twirler (Formicid Gladiator)        Turns: 2834, Time: 00:01:58

Health: -1/33      AC:  3    Str: 19    XL:     4   Next: 50%
Magic:  4/4        EV: 12    Int: 12    God:
Gold:   111        SH:  5    Dex: 14    Spells: 3/3 levels left

rFire   . . .      SeeInvis +   a - +0 quarterstaff
rCold   . . .      Faith    .   f - orb {light}
rNeg    . . .      Spirit   .   b - +0 leather armour
rPois   .          Reflect  +   (helmet unavailable)
rElec   .          Harm     .   (no cloak)
rCorr   .          Rampage  .   (no gloves)
Will    .....                   (no boots)
Stlth   +.........              i - amulet of reflection
HPRegen 0.11/turn               (no ring)
MPRegen 0.09/turn               (no ring)

@: glowing
A: permanent stasis, dig shafts and tunnels, antennae 3, four strong arms,
clever 1
a: Dig, Shaft Self


You were on level 7 of the Dungeon.
You visited 1 branch of the dungeon, and saw 5 of its levels.

You collected 111 gold pieces.

Inventory:

Hand Weapons
 a - a +0 quarterstaff (weapon)
Missiles
 c - 3 throwing nets (quivered)
 d - 11 javelins
 h - 12 poisoned darts
Armour
 b - a +0 leather armour (worn)
 f - an orb of light (worn)
Jewellery
 i - an amulet of reflection (around neck)
 j - a +4 ring of evasion
Potions
 e - a potion of mutation
 g - a potion of brilliance {unknown}
 l - 2 potions of curing {unknown}


   Skills:
 - Level 2.1 Fighting
 + Level 5.0 Staves
 - Level 2.0 Throwing
 - Level 2.6 Dodging


You had 3 spell levels left.
You didn't know any spells.
Your spell library contained the following spells:

 Spells                   Type           Power      Damage    Failure   Level
 Beastly Appendage        Tmut           0%         N/A       36%         1
 Wereblood                Tmut           0%         N/A       52%         2
 Spider Form              Tmut/Pois      0%         N/A       75%         3


Dungeon Overview and Level Annotations

Branches:
Dungeon (4/15)
 Temple: D:4-7

Altars:
Hepliaklqana
Wu Jian

Annotations:
D:3 2 transporters, p0werm0de's ghost, amateur PaIE


Innate Abilities, Weirdness & Mutations

You cannot be hasted, slowed, berserked, paralysed or teleported.
You can dig through walls and to a lower floor.
You have a pair of large antennae on your head. (SInv)
Your four strong arms can wield two-handed weapons with a shield.
Your mind is acute. (Int +4, Str/Dex -1)


Message History

The centaur shoots an arrow.
You reflect the arrow off an invisible shield around you!
The arrow hits the centaur!
The centaur unwields a +0 shortbow.
The centaur hits you but does no damage.
The centaur closely misses you. x2; The centaur kicks you.
The centaur hits you. You block the centaur's attack.
You barely miss the centaur.
The centaur is moderately wounded.
The centaur misses you.
The centaur kicks you but does no damage.
You block the centaur's attack.
The centaur kicks you but does no damage.
You hit the centaur but do no damage.
The centaur is moderately wounded.
You hear the steady creaking of a portcullis very nearby.
The centaur hits you.
The centaur kicks you but does no damage.
You are too injured to fight recklessly!
You barely miss the centaur.
The centaur is moderately wounded.
The centaur hits you. The centaur closely misses you. The centaur hits you.
* * * LOW HITPOINT WARNING * * *
You block the centaur's attack.
You barely miss the centaur.
The centaur is moderately wounded.
The centaur closely misses you. The centaur kicks you.
* * * LOW HITPOINT WARNING * * *
You are too injured to fight recklessly!
You hit the centaur.
The centaur is heavily wounded.
The centaur misses you. You block the centaur's attack. The centaur hits you.
* * * LOW HITPOINT WARNING * * *
The centaur kicks you.
* * * LOW HITPOINT WARNING * * *
It was a potion of mutation.
You feel extremely strange.
Your connection to magic feels subdued.
Your magic regains its normal vibrancy.
You feel clever. The centaur hits you.
You die...

...........## ###
.........#..#####
###.#
#....##..##..#..#
##....
#.......#.....##
#..##>
#.........###.##
#..###
#........## #..#
#..# #
..###...###
##.###..###
###.##
#........## #@c#
#..##..##...
#........#
##.###..
#....#....#
#..###.
......##...#
##.....
###...###.#..
###..... ##..#
#.##.##.....##
...# #
#.....#..## ....
#.##..##.# ..
#..##.#


You could see a centaur.

Vanquished Creatures
  2 adders (D:2)
  2 worms (D:2)
  2 dart slugs
  2 orcs (D:4)
  5 ball pythons
  An endoplasm (D:2)
  2 giant cockroaches (D:2)
  4 goblins
  3 hobgoblins (D:1)
  A quokka (D:1)
  7 bats
  A frilled lizard (D:1)
  5 kobolds
  5 rats
42 creatures vanquished.

Notes
Turn   | Place    | Note
-------+----------+-------------------------------------------
     0 | D:1      | MisterFreud the Formicid Gladiator began the quest for the
                  | Orb.
     0 | D:1      | Reached XP level 1. HP: 16/16 MP: 1/1
   186 | D:1      | You fall into a shaft and drop 1 floor!
   201 | D:2      | Reached XP level 2. HP: 22/22 MP: 2/2
   395 | D:2      | Reached skill level 4 in Staves
   395 | D:2      | Reached XP level 3. HP: 15/27 MP: 3/3
  1197 | D:2      | Reached XP level 4. HP: 29/33 MP: 4/4
  1520 | D:2      | Found a faded altar of an unknown god.
  1897 | D:3      | Found a hazy altar of Hepliaklqana.
  2005 | D:3      | Found a transporter.
  2006 | D:3      | Noticed an ogre
  2006 | D:3      | Noticed p0werm0de's ghost (amateur PaIE)
  2053 | D:3      | Found a transporter.
  2055 | D:3      | Found an ornate altar of the Wu Jian Council.
  2055 | D:3      | Noticed an ogre
  2472 | D:4      | Reached skill level 5 in Staves
  2474 | D:4      | You fall into a shaft and drop 3 floors!
  2825 | D:7      | Noticed a centaur
  2834 | D:7      | Gained mutation: Your spells are a little easier to cast,
                  | but a little less powerful. [potion of mutation]
  2834 | D:7      | Lost mutation: Your spells are a little easier to cast, but
                  | a little less powerful. [potion of mutation]
  2834 | D:7      | Gained mutation: Your mind is acute. (Int +4, Str/Dex -1)
                  | [potion of mutation]
  2834 | D:7      | Slain by a centaur

Illustrated notes

Levels and vault maps discovered:
D:1:      nicolae_arrival_somewhat_less_tricky_arrival, layout_rooms,
          serial_bayou_ford_a, nrook_mini_backslash
D:2:      minmay_evil_eye, layout_basic,
          dreamdust_ecumenical_altar_hidden_monk_grotto,
          minmay_misc_feat_enclosed, minmay_misc_feat_pillars
D:3:      layout_loops_ring, nzn_wu_jian_contemplation,
          mainiacjoe_overflow_alcove_4, gammafunk_ghost_smash
D:4:      layout_rooms, ebering_ghost_disaster_area
D:7:      layout_layer_cave, enter_bailey_2, kennysheep_small_square

Skill      XL: |  1  2  3  4 |
---------------+-------------+-----
Staves         | 4 5 |  5.0
Fighting       | |  2.1
Throwing       | |  2.0
Dodging        | |  2.6

Action                   |  1- 3 |  4- 6 || total
-------------------------+-------+-------++-------
Melee: Quarterstaff      |    57 |    49 ||   106
 Abil: Shaft Self        |       |     1 ||     1
  Use: Scroll            |     1 |     1 ||     2
       Potion            |       |     1 ||     1
 Stab: Sleeping          |     1 |       ||     1
Armor: Leather armour    |    17 |    11 ||    28
Dodge: Dodged            |    41 |    37 ||    78
Block: Orb               |     1 |    20 ||    21
       Reflection        |       |     2 ||     2
